Unix NetHack Version 5.0.0-0 post-release - last build May 31 2026 23:59:36 (970b52f25bf058293b47ddfd14a1e40e571c508c,branch:main).

Game began 2026-06-03 21:04:40, ended 2026-06-03 22:02:03.

Jobair, lawful female dwarven Archeologist

                                                          @i
                                                         -f------------
                                                         |.....`......|
                                                         |......<.....|
                                                         +............|
                                                         --------------

Jobair the Field Worker    St:10 Dx:11 Co:16 In:16 Wi:15 Ch:7  Lawful
Dlvl:4  $:157 HP:0(35) Pw:11(11) AC:2  Xp:4 T:1823  Burdened

Latest messages:
 Where do you want to travel to?
 (For instructions type a '?')
 You fall down the stairs.
 What do you want to eat?
 Blecch!  Rotten food!
 The world spins and goes dark.
 You are conscious again.
 What do you want to eat?
 You resume your meal.
 You finish eating the food ration.
 There's some graffiti on the floor here.
 You read: "Need a |ight?  Come vi?it the M?reto?? branc? cf Izcha|'s ?ichti?c ?to?e!"
 You see here 13 gold pieces.
 You have a little trouble lifting $ - 13 gold pieces (157 in total).
 The door opens.
 The homunculus bites!
 The homunculus bites!
 You avoid harm.
 The homunculus misses!
 You miss the homunculus.
 The homunculus misses!
 You miss the homunculus.
 The homunculus bites!
 You are put to sleep by the homunculus!
 The homunculus bites!
 The homunculus bites!
 The homunculus misses!
 The homunculus bites!
 The combat suddenly awakens you.
 The homunculus misses!
 The homunculus bites!
 You avoid harm.
 You swap places with Godzilla.
 Godzilla misses the homunculus.
 The homunculus bites!
 You miss the homunculus.
 The homunculus just misses!
 The homunculus bites!
 You are put to sleep by the homunculus!
 The homunculus bites!
 The homunculus bites!
 The homunculus bites!
 The homunculus misses!
 The homunculus bites!
 You die...
 Do you want your possessions identified? [ynq] (y) y
 Do you want to see your attributes? [ynq] (y) y
 Do you want an account of creatures vanquished? [ynaq] (y) y
 Do you want to see your conduct and achievements? [ynq] (y) y
 Do you want to see the dungeon overview? [ynq] (y) y

Inventory:
 Coins    ('$')
  $ - 157 gold pieces
 Weapons  (')')
  a - a +2 bullwhip (weapon in left hand)
 Armor    ('[')
  n - an uncursed +1 orcish helm (being worn)
  J - an uncursed +0 pair of kicking boots (being worn)
  B - an uncursed +0 shield of reflection (being worn)
  D - an uncursed +0 elven cloak (being worn)
  v - an uncursed +0 leather armor (being worn)
 Comestibles  ('%')
  d - 5 uncursed food rations
  l - a cursed food ration
  m - 2 cursed tripe rations
  z - 2 cursed rotten tins of shrieker
 Scrolls  ('?')
  u - an uncursed scroll of fire
 Spellbooks  ('+')
  r - an uncursed spellbook of healing
 Potions  ('!')
  o - a cursed potion of enlightenment
  p - an uncursed potion of see invisible
 Wands    ('/')
  y - a wand of probing (0:5)
 Tools    ('(')
  b - an uncursed sack containing 1 item
  w - an uncursed blindfold
  A - a cursed blindfold
  f - a tinning kit (0:34)
 Gems/Stones  ('*')
  t - an uncursed agate stone
  s - an uncursed worthless piece of black glass
  q - an uncursed worthless piece of white glass
  g - an uncursed touchstone

Contents of the sack:
  a +0 pick-axe

Jobair the Archeologist's attributes:

Background:
 You were a Field Worker, a level 4 female dwarven Archeologist.
 You were lawful, nominally on a mission for Quetzalcoatl
 who was opposed by Camaxtli (neutral) and Huhetotl (chaotic).
 You were left-handed.
 You were in the Dungeons of Doom, on level 4.
 You entered the dungeon 1823 turns ago.
 It was nighttime.
 You had 123 experience points, 37 more were needed to attain level 5.

Basics:
 You had 0 out of 35 hit points.
 You had all 11 energy points (spell power).
 Your armor class was 2.
 Your wallet contained 157 zorkmids.
 Autopickup was off.

Final Characteristics:
 Your strength was 10 (limit:18/100).
 Your dexterity was 11 (limit:20).
 Your constitution was 16 (limit:20).
 Your intelligence was 16 (limit:16).
 Your wisdom was 15 (limit:16).
 Your charisma was 7 (limit:16).

Final Status:
 You weren't hungry.
 You were burdened; movement was slightly slowed.
 You were wielding a whip.
 You had basic skill with whip.

Final Attributes:
 You were devoutly aligned.
 You had automatic searching.
 You had infravision.
 You were stealthy.
 You were warded.
 You had reflection.
 You are dead.

Miscellaneous:
 You didn't encounter any bones levels.
 Total elapsed playing time was 16 minutes and 36 seconds.

Major events:
 Turn
    1: Jobair the lawful female dwarven Archeologist entered the dungeon
  626: attained the rank of Field Worker (level 3)
 1625: entered the Gnomish Mines
 1823: killed by a homunculus, while sleeping

You didn't know any spells.

Skills:
 Fighting Skills
   bare handed combat [Unskilled]
   two weapon combat  [Unskilled]
   riding             [Unskilled]
 Weapon Skills
   dagger             [Unskilled]
   knife              [Unskilled]
   pick-axe           [Basic]
   short sword        [Unskilled]
   saber              [Unskilled]
   club               [Unskilled]
   quarterstaff       [Unskilled]
   sling              [Unskilled]
   dart               [Unskilled]
   boomerang          [Unskilled]
   whip               [Basic]
   unicorn horn       [Unskilled]
 Spellcasting Skills
   attack spells      [Unskilled]
   healing spells     [Unskilled]
   divination spells  [Unskilled]
   matter spells      [Unskilled]

Voluntary challenges:
 Character rerolling was not enabled.
 You were an atheist.
 You never genocided any monsters.
 You never polymorphed an object.
 You never changed form.
 You used no wishes.
Achievements:
 You attained the rank of Field Worker.
 You entered a shop.
 You entered the Gnomish Mines.

 The Dungeons of Doom: levels 1 to 4
    Level 1:
    Level 2:
       A grave.
    Level 3:
       An armor shop, a grave.
       Stairs down to The Gnomish Mines.
    Level 4: <- You were here.
       Final resting place for
          you, killed by a homunculus, while sleeping.
 The Gnomish Mines:
    Level 4:


Vanquished creatures:
  a pony
  2 fog clouds
  a giant bat
 an iguana
  a coyote
  a hobbit
  3 manes
  a large kobold
  a hobgoblin
  2 giant rats
  2 garter snakes
  a gecko
  5 jackals
  2 kobolds
  a goblin
  6 grid bugs
  a lichen
  2 kobold zombies
  4 newts
38 creatures vanquished.

No species were genocided or became extinct.

Game over:
                       ----------
                      /          \
                     /    REST    \
                    /      IN      \
                   /     PEACE      \
                  /                  \
                  |      Jobair      |
                  |      157 Au      |
                  |   killed by a    |
                  |    homunculus    |
                  |                  |
                  |                  |
                  |       2026       |
                 *|     *  *  *      | *
        _________)/\\_//(\/(/\)/\//\/|_)_______

Goodbye Jobair the Archeologist...

You died in The Dungeons of Doom on dungeon level 4 with 784 points,
and 157 pieces of gold, after 1823 moves.
You were level 4 with a maximum of 35 hit points when you died.

